 Dungeon Crawl Stone Soup version 0.29.1-2-gbd0b4ee654 (webtiles) character file.

Game seed: 16573147452857122898

49 DildoBatman the Conjurer (level 4, -2/30 HPs)
             Began as a Formicid Conjurer on Nov 22, 2022.
             Slain by an adder (3 damage)
             ... on level 5 of the Dungeon.
             The game lasted 00:02:27 (1286 turns).

DildoBatman the Conjurer (Formicid Conjurer)        Turns: 1286, Time: 00:02:28

Health: -2/30      AC:  3    Str: 12    XL:     4   Next: 1%
Magic:  7/7        EV: 12    Int: 19    God:
Gold:   59         SH:  0    Dex: 12    Spells: 4/7 levels left

rFire   . . .      SeeInvis +   a - +0 sling
rCold   . . .      Faith    .   (no shield)
rNeg    . . .      Spirit   .   i - +0 robe
rPois   .          Reflect  .   (helmet unavailable)
rElec   .          Harm     .   (no cloak)
rCorr   .          Rampage  .   m - +0 pair of gloves
Will    .....                   (no boots)
Stlth   ++........              (no amulet)
HPRegen 0.10/turn               (no ring)
MPRegen 0.10/turn               (no ring)

@: no status effects
A: permanent stasis, dig shafts and tunnels, antennae 3, four strong arms
a: Dig, Shaft Self


You were on level 5 of the Dungeon.
You visited 1 branch of the dungeon, and saw 4 of its levels.

You collected 59 gold pieces.

Inventory:

Hand Weapons
 a - a +0 sling (weapon)
 e - a +0 flail
Missiles
 j - 8 stones
Armour
 i - a +0 robe (worn)
 m - a +0 pair of gloves (worn)
 n - a +0 kite shield
Wands
 p - a wand of paralysis (12)
Scrolls
 o - a scroll of vulnerability {unknown}
 q - a scroll of fear {unknown}
Potions
 b - a potion of magic
 c - 2 potions of haste {unknown}
 d - a potion of heal wounds {unknown}
 f - 2 potions of brilliance {unknown}
 g - a potion of cancellation {unknown}
 h - a potion of might {unknown}
 k - 2 potions of attraction {unknown}
 l - a potion of mutation {unknown}


   Skills:
 - Level 1.7 Dodging
 - Level 2.4 Stealth
 - Level 2.1 Spellcasting
 * Level 4.8 Conjurations


You had 4 spell levels left.
You knew the following spells:

 Your Spells              Type           Power      Damage    Failure   Level
a - Searing Ray           Conj           40%        2d5       3%          2
c - Magic Dart            Conj           80%        1d7       2%          1

Your spell library contained the following spells:

 Spells                   Type           Power      Damage    Failure   Level
 Dazzling Flash           Conj/Hex       22%        N/A       19%         3
 Fulminant Prism          Conj/Hex       5%         3d7       52%         4
 Iskenderun's Mystic Bla  Conj/Tloc      11%        2d4       52%         4


Dungeon Overview and Level Annotations

Branches:
Dungeon (2/15)

Altars:


Innate Abilities, Weirdness & Mutations

You cannot be hasted, slowed, berserked, paralysed or teleported.
You can dig through walls and to a lower floor.
You have a pair of large antennae on your head. (SInv)
Your four strong arms can wield two-handed weapons with a shield.


Message History

Orders for allies: a - Attack new target. r - Retreat! s - Stop attacking. g - Guard the area. f - Follow me.
Anything else - Cancel.
You shout for attention!
The adder bites you but does no damage. The adder barely misses you.
The orc hits you but does no damage. The iguana bites you!
What are your orders? t - Shout!
Orders for allies: a - Attack new target. r - Retreat! s - Stop attacking. g - Guard the area. f - Follow me.
Anything else - Cancel.
You shout for attention!
The adder closely misses you. The orc hits you with a +0 club.
The iguana bites you! What are your orders? t - Shout!
Orders for allies: a - Attack new target. r - Retreat! s - Stop attacking. g - Guard the area. f - Follow me.
Anything else - Cancel.
You shout for attention!
The adder closely misses you. The iguana bites you. The orc misses you.
What are your orders? t - Shout!
Orders for allies: a - Attack new target. r - Retreat! s - Stop attacking. g - Guard the area. f - Follow me.
Anything else - Cancel.
You shout for attention!
The adder barely misses you. The iguana closely misses you.
The adder bites you.
You die...

#~ ♣~
~~♣ ..♣
♣.♣ ♣.♣
..♣ ..♣
♣.♣ ♣.♣
♣.♣ ♣!♣
♣.♣S♣l♣
♣..@♣
♣.♣o♣.♣
..♣ ♣.♣
♣[♣ ♣.♣
~~♣ ..♣
##~ ♣~~
# ~## #


You could see an iguana, an adder and an orc.

Vanquished Creatures
  A gnoll (D:1)
  An adder (D:2)
  2 dart slugs (D:1)
  2 ball pythons (D:1)
  An endoplasm (D:1)
  3 giant cockroaches
  3 goblins (D:1)
  3 hobgoblins (D:1)
  A quokka (D:1)
  3 bats
  2 frilled lizards
  A kobold (D:1)
  3 rats (D:1)
26 creatures vanquished.

Notes
Turn   | Place    | Note
-------+----------+-------------------------------------------
     0 | D:1      | DildoBatman the Formicid Conjurer began the quest for the
                  | Orb.
     0 | D:1      | Reached XP level 1. HP: 13/13 MP: 3/3
   239 | D:1      | Reached skill level 4 in Conjurations
   239 | D:1      | Reached XP level 2. HP: 19/19 MP: 1/5
   242 | D:1      | Learned a level 2 spell: Searing Ray
   678 | D:1      | Reached XP level 3. HP: 15/24 MP: 1/6
  1253 | D:2      | Reached XP level 4. HP: 30/30 MP: 4/7
  1255 | D:2      | You fall into a shaft and drop 2 floors!
  1276 | D:4      | You fall into a shaft and drop 1 floor!
  1276 | D:5      | Entered Level 5 of the Dungeon
  1284 | D:5      | HP: 1/30 [iguana (11)]
  1286 | D:5      | Slain by an adder

Illustrated notes

Levels and vault maps discovered:
D:1:      elethiomel_arrival_infinity_welcomes_careful_drivers, layout_basic
D:2:      layout_basic, nicolae_titane
D:4:      layout_basic, xom_teletrap_fun, minmay_temple_entry_arrows,
          hangedman_decor_opposing
D:5:      layout_basic, lightli_sewer_entry_pipes, kennysheep_cluttered_room,
          uniq_menkaure

Skill      XL: |  1 |
---------------+----+-----
Conjurations   | 4 |  4.8
Dodging        | |  1.7
Stealth        | |  2.4
Spellcasting   | |  2.1

Action                   |  1- 3 |  4- 6 || total
-------------------------+-------+-------++-------
Melee: Flail             |     1 |       ||     1
 Fire: Sling             |    43 |       ||    43
 Cast: Magic Dart        |    24 |       ||    24
       Searing Ray       |     3 |       ||     3
 Abil: Shaft Self        |       |     2 ||     2
Armor: Robe              |     6 |     2 ||     8
Dodge: Dodged            |     8 |    10 ||    18
